 Dungeon Crawl Stone Soup version 0.18-a0-1070-gd466a24 (webtiles) character file.

1201 namelastname112 the Torchbearer (level 8, 0/100 HPs)
             Began as a Yellow Draconian Wizard on Jan 14, 2016.
             Was a Follower of Yredelemnul.
             Succumbed to coffecat's ghost's toxic radiance
             ... on level 6 of the Dungeon.
             The game lasted 00:16:45 (8539 turns).

namelastname112 the Torchbearer (DrWz)              Turns: 8539, Time: 00:16:45

Health: 0/100      AC: 24    Str: 15    XL:     8   Next: 21%
Magic:  12/12      EV:  2    Int: 19    God:    Yredelemnul [*.....]
Gold:   272        SH:  0    Dex: 11    Spells: 1 memorised, 12 levels left

rFire  . . .     SeeInvis .     (no weapon)
rCold  + . .     Gourm    .     (armour unavailable)
rNeg   + + +     Faith    .     (no shield)
rPois  +         Spirit   .     (helmet currently unavailable)
rElec  .         Dismiss  .     (cloak currently unavailable)
rCorr  .         Reflect  .     (gloves currently unavailable)
SustAt .         Harm     .     (boots currently unavailable)
MR     .....     Clarity  +     (no amulet)
Stlth  ++........ NoTele   +    o - ring of protection from cold
                                x - ring of teleportation (curse)

@: mighty, lethally poisoned (0 -> -4), tree-form (expiring), not resistant to
hostile enchantments, unstealthy
A: (spit acid), (acid resistance), unfitting armour, (antennae 0), clarity,
screaming 1, (cold-blooded), AC +6
a: Animate Remains, Renounce Religion, Evoke Teleportation


You were on level 6 of the Dungeon.
You worshipped Yredelemnul.
Yredelemnul was aware of your devotion.
You were not hungry.
You were a tree.
You visited 1 branch of the dungeon, and saw 6 of its levels.

You collected 272 gold pieces.

Inventory:

Hand Weapons
 v - a +1 dagger of venom
 C - a +0 long sword
Missiles
 B - 2 throwing nets (quivered)
Armour
 a - a +0 hat (melded)
 e - a +0 buckler
 w - a +0 ring mail
Jewellery
 h - an uncursed ring of protection from magic
 o - a ring of protection from cold (right branch)
 x - a cursed ring of teleportation (left branch)
 z - an uncursed ring of magical power
Wands
 y - a wand of teleportation (0/9)
Scrolls
 g - a scroll of blinking
 k - 3 scrolls of teleportation
 m - 7 scrolls of remove curse {unknown}
 s - 2 scrolls of fog {unknown}
 u - a scroll of noise {unknown}
 E - a scroll of magic mapping {unknown}
Potions
 i - a potion of lignification
 j - a potion of flight
 l - a potion of invisibility
 p - a potion of magic
 r - 2 potions of haste
 t - a potion of agility
Books
 b - a book of Minor Magic

   Spells                             Type                      Level
   a - Magic Dart                     Conjuration                  1
   b - Blink                          Translocation                2
   c - Call Imp                       Summoning                    2
   d - Repel Missiles                 Charms/Air                   2
   e - Slow                           Hexes                        2
   f - Conjure Flame                  Conjuration/Fire             3
   g - Mephitic Cloud                 Conjuration/Poison/Air       3
 A - a Grand Grimoire

   Spells                             Type                      Level
   a - Monstrous Menagerie            Summoning                    7
   b - Summon Greater Demon           Summoning                    7
   c - Malign Gateway                 Summoning/Translocation      7
   d - Summon Horrible Things         Summoning                    8
 F - a Necronomicon

   Spells                             Type                      Level
   a - Haunt                          Necromancy/Summoning         7
   b - Borgnjor's Revivification      Necromancy                   8
   c - Death's Door                   Charms/Necromancy            8
   d - Necromutation                  Transmutation/Necromancy     8
Comestibles
 c - 4 bread rations
 D - 2 meat rations


   Skills:
 + Level 4.6 Fighting
 * Level 4.7 Long Blades
 + Level 4.4 Dodging
 - Level 1.7 Stealth
 - Level 3.0 Spellcasting
 - Level 1.0 Conjurations
   Level 1.0 Summonings
   Level 1.0 Translocations
 * Level 5.9 Invocations


You had 12 spell levels left.
You knew the following spells:

 Your Spells              Type           Power        Failure   Level  Hunger
z - Magic Dart            Conj           #...         12%         1    None


Dungeon Overview and Level Annotations

Branches:
Dungeon (6/15)             Temple (0/1) D:4

Altars:
Ashenzari
Elyvilon
Fedhas
Gozag
Kikubaaqudgha
Makhleb
Qazlal
Sif Muna
Trog
Yredelemnul

Shops:
D:6 =

Annotations:
D:6 coffecat's ghost, novice SpVM


Innate Abilities, Weirdness & Mutations

((You can spit globs of acid.))
((You are resistant to acid.))
((Your golden yellow scales are hard (AC +6).))
Your body does not fit into most forms of armour.
((You are cold-blooded and may be slowed by cold attacks.))
((You have a pair of small antennae on your head.))
You possess an exceptional clarity of mind.
You occasionally shout uncontrollably at your foes.


Message History

Coffecat's ghost is moderately damaged.
You feel sick.
* * * LOW HITPOINT WARNING * * *
Coffecat's ghost hits you but does no damage.
You hit coffecat's ghost.
Coffecat's ghost is moderately damaged.
* * * LOW HITPOINT WARNING * * *
You feel sick.
* * * LOW HITPOINT WARNING * * *
Coffecat's ghost hits you but does no damage.
You closely miss coffecat's ghost.
Coffecat's ghost is moderately damaged.
* * * LOW HITPOINT WARNING * * *
You feel sick.
Coffecat's ghost hits you but does no damage.
Okay, then.
Drink which item? (? for menu, Esc to quit)
You feel very mighty all of a sudden.
Your transformation is almost over.
You die...
Your body rises from the dead as a mindless zombie.

...>......# #.......#
.......#%.##### #.......#
..............### #<......#
.#.#.#.#..###...# #.......#
.....!.......# .## #.......#
....)....###.##..#####.......#
#.......## #..##..........<..#
##.....## ##.sW.#####.[....(#
####### ####♣#####..<....## .
#.........##...#..
####.....#####....
#...#####......
#>..####..##### ###...#....##
###.....#.#### #...##....#
####.###...#.#


You could see a scorpion and coffecat's ghost.

Vanquished Creatures
  An ice beast (D:5)
  An orc warrior (D:5)
  2 phantoms
  A sky beast (D:5)
  A big kobold (D:5)
  A crimson imp (D:6)
  2 hounds (D:4)
  An orc wizard (D:5)
  An orc priest (D:6)
  A centaur skeleton (D:4)
  Jessica (D:3)
  3 iguanas
  A worker ant (D:5)
  A hound zombie (D:5)
  10 gnolls
  7 adders
  An adder skeleton (D:4)
  6 worms
  2 giant geckos
  3 orcs
  5 giant cockroaches
  11 goblins
  11 hobgoblins
  8 jackals
  3 quokkas
  2 ball pythons (D:1)
  7 bats
  2 giant gecko skeletons
  A giant gecko zombie (D:5)
  3 giant newts
  8 kobolds
  5 rats
113 creatures vanquished.

Vanquished Creatures (collateral kills)
  A gnoll sergeant (D:5)
  A jelly (D:5)
  A centaur skeleton (D:4)
  A hound skeleton (D:5)
  A gnoll (D:5)
  A worm (D:5)
  An orc (D:5)
  A ball python (D:5)
8 creatures vanquished.

Vanquished Creatures (others)
  A big kobold zombie (D:5)
  A worker ant zombie (D:5)
  A giant newt skeleton (D:3)
  A giant newt zombie (D:5)
  A jackal zombie (D:5)
  2 plants (D:2)
7 creatures vanquished.

Grand Total: 128 creatures vanquished

Notes
Turn   | Place    | Note
--------------------------------------------------------------
     0 | D:1      | namelastname112 the Draconian Wizard began the quest for the Orb.
     0 | D:1      | Reached XP level 1. HP: 14/14 MP: 4/4
   260 | D:1      | Reached skill level 1 in Fighting
   377 | D:1      | Reached XP level 2. HP: 23/23 MP: 3/6
  1062 | D:2      | Found a shattered altar of Ashenzari.
  1119 | D:2      | Reached XP level 3. HP: 3/29 MP: 3/7
  2095 | D:2      | Found a basalt altar of Yredelemnul.
  2161 | D:2      | Became a worshipper of Yredelemnul the Dark
  3183 | D:2      | Reached skill level 1 in Invocations
  3183 | D:2      | Reached XP level 4. HP: 33/37 MP: 0/8
  3713 | D:3      | Noticed Jessica
  3718 | D:3      | Killed Jessica
  3718 | D:3      | Reached XP level 5. HP: 44/44 MP: 3/9
  3763 | D:3      | Reached * piety under Yredelemnul
  4356 | D:3      | Found a deep blue altar of Sif Muna.
  4360 | D:3      | Found a stormy altar of Qazlal.
  4360 | D:3      | Found a white marble altar of Elyvilon.
  4361 | D:3      | Found an ancient bone altar of Kikubaaqudgha.
  4716 | D:4      | Reached skill level 1 in Long Blades
  4981 | D:4      | Reached XP level 6. HP: 43/51 MP: 10/10
  5028 | D:4      | Found a blossoming altar of Fedhas.
  5107 | D:4      | Found a burning altar of Makhleb.
  5166 | D:5      | Entered Level 5 of the Dungeon
  5729 | D:5      | Noticed a sky beast
  5812 | D:5      | Reached skill level 4 in Invocations
  5901 | D:5      | Found a blossoming altar of Fedhas.
  6227 | D:4      | Found a bloodstained altar of Trog.
  6297 | D:4      | Found a staircase to the Ecumenical Temple.
  6498 | D:4      | Reached XP level 7. HP: 21/58 MP: 11/11
  6498 | D:4      | Your scales start taking on a golden yellow colour.
  7295 | D:5      | Reached skill level 5 in Invocations
  7751 | D:5      | Reached XP level 8. HP: 37/67 MP: 12/12
  8219 | D:6      | Found an opulent altar of Gozag.
  8324 | D:6      | Noticed coffecat's ghost (novice SpVM)
  8447 | D:6      | Gained mutation: You occasionally shout uncontrollably at your foes. [potion of mutation]
  8447 | D:6      | Gained mutation: You have a pair of small antennae on your head. [potion of mutation]
  8447 | D:6      | Gained mutation: You possess an exceptional clarity of mind. [potion of mutation]
  8511 | D:6      | Found Zoinu's Jewellery Boutique.
  8537 | D:6      | HP: 2/100 [coffecat's ghost/Olgreb's Toxic Radiance (4)]
  8539 | D:6      | Succumbed to coffecat's ghost's toxic radiance

Vault maps used:
D:1:      dpeg_arrival_pond
D:2:      evilmike_ruin_ashenzari, yredelemnul_altar_generic,
          serial_bayou_lake_a
D:3:      grunt_temple_overflow_open, serial_bayou_lagoon_a,
          serial_park_tiny_pond, minmay_cut_off, uniq_jessica
D:4:      kennysheep_mini_moat, kennysheep_little_box, marbit_many_paths,
          minmay_temple_entry_enclosed_plants, first_bread
D:5:      fedhas_altar_2
D:6:      nicolae_gozag_seed_capital, serial_shops, shop, st_stairs_4

Action                   |  1- 3 |  4- 6 |  7- 9 || total
-------------------------+-------+-------+-------++-------
Melee: Unarmed           |    23 |    23 |     6 ||    52
       Rapier            |    67 |    41 |       ||   108
       Falchion          |       |    94 |    22 ||   116
       Dagger            |       |       |    58 ||    58
       Long sword        |       |       |    17 ||    17
 Cast: Magic Dart        |   122 |   165 |    80 ||   367
Invok: Animate Remains   |       |     3 |     7 ||    10
 Abil: Spit Acid         |       |       |     6 ||     6
       Evoke Teleportati |       |       |     2 ||     2
Evoke: Wand              |       |       |     1 ||     1
  Use: Potion            |       |     5 |     3 ||     8
       Scroll            |       |       |    10 ||    10
 Stab: Sleeping          |       |     1 |       ||     1
       Distracted        |       |     1 |       ||     1
  Eat: Chunk             |     2 |     5 |     2 ||     9
       Bread ration      |     1 |     2 |     1 ||     4
